AoeStats
← Mhafiki

Arabia

509434121Analyzed
1v1 RM · 5d ago on Sep 26, 2026· 92m 26s· 2 players
Game mode
Random Map
Map size
Tiny (2 player)
Population
200
Speed
Normal
Resources
Standard
Victory
Conquest
Starting age
Dark Age
Ending age
Imperial Age
RankedLock teamsTeams togetherTeam positionsShared explorationLock speedFull tech treeHidden civsTurbo modeCheats
Victory
Defeat
🇦🇷 Cumans · Argentina
1145
+16
🇺🇸 Saxons · United States
1148
-16
Ra
8:28 Loom
10:36 Feudal Age
11:17 Double-Bit Axe
14:48 Horse Collar
14:58 Loom
22:32 Castle Age
20:32 Fletching
21:17 Gold Mining
21:53 Padded Archer Armor
21:54 Stone Mining
23:11 Wheelbarrow
23:21 Bodkin Arrow
23:41 Leather Archer Armor
25:26 Hand Cart
25:53 Heavy Plow
26:05 Bow Saw
30:40 Imperial Age
28:53 Ballistics
28:33 Light Cavalry
29:24 Bloodlines
29:59 Thumb Ring
30:25 Scale Barding Armor
31:01 Steppe Husbandry
32:07 Parthian Tactics
32:15 Ring Archer Armor
34:35 Chemistry
33:52 Cavalier
34:47 Forging
35:12 Chain Barding Armor
36:31 Iron Casting
35:35 Hussar
37:27 Plate Barding Armor
38:20 Crop Rotation
38:51 Two-Man Saw
38:27 Onager
41:47 Elite Skirmisher
52:32 Murder Holes
52:49 Masonry
62:18 Blast Furnace
62:15 Capped Ram
63:20 Siege Ram
64:22 Scale Mail Armor
65:36 Conscription
Mhafiki
10:20 Feudal Age
11:01 Double-Bit Axe
11:13 Loom
11:34 Horse Collar
18:43 Castle Age
19:52 Bow Saw
19:53 Heavy Plow
25:57 Fletching
26:07 Padded Archer Armor
27:13 Bodkin Arrow
28:16 Padded Archer Armor
30:32 Wheelbarrow
30:28 Leather Archer Armor
30:31 Crossbowman
32:58 Thumb Ring
36:02 Imperial Age
36:04 Arbalester
36:45 Bracer
37:15 Ring Archer Armor
37:48 Chemistry
37:08 Ballistics
37:55 Conscription
41:23 Masonry
41:19 Siege Engineers
44:16 Light Cavalry
45:06 Bloodlines
44:58 Husbandry
45:28 Hussar
48:08 Pikeman
48:49 Squires
48:40 Halberdier
49:33 Forging
49:23 Scale Mail Armor
55:16 Iron Casting
55:17 Scale Barding Armor
57:17 Chain Barding Armor
58:11 Crop Rotation
60:12 Hand Cart
62:02 Chain Mail Armor
65:32 Capped Ram
70:56 Arson
77:37 Two-Man Saw
77:38 Siege Ram
Connection lost

Rejoining the realm…

Still unreachable

The connection could not be restored.

Session expired

The server has moved on; the page needs a fresh start.